 Dungeon Crawl Stone Soup version 0.31-a0-1074-g0b22e4e0f1 (webtiles) character file.

Game seed: 5526264215937306386

58 grandjackal the Ducker (level 3, -1/28 HPs)
             Began as a Demonspawn Gladiator on Dec 3, 2023.
             Slain by a gnoll
             ... wielding a +0 club
              (5 damage)
             ... on level 1 of the Dungeon.
             The game lasted 00:01:27 (777 turns).

grandjackal the Ducker (Demonspawn Gladiator)        Turns: 777, Time: 00:01:28

Health: -1/28      AC:  6    Str: 16    XL:     3   Next: 76%
Magic:  3/3        EV: 10    Int:  9    God:
Gold:   70         SH:  0    Dex: 14    Spells: 2/2 levels left

rFire   . . .        a - +0 war axe
rCold   . . .        (no shield)
rNeg    . . .        i - +0 scale mail
rPois   .            (helmet restricted)
rElec   .            (no cloak)
rCorr   .            (no gloves)
SInv    .            (no boots)
Will    .....        (no amulet) Stlth
                     (no ring)
HPRegen 0.24/turn    (no ring)
MPRegen 0.08/turn

%: no passive effects
@: no status effects
A: antennae 1
a: no special abilities


You were on level 1 of the Dungeon.
You visited 1 branch of the dungeon, and saw 2 of its levels.

You collected 70 gold pieces.

Inventory:

Hand Weapons
 a - a +0 war axe (weapon)
Missiles
 d - 3 throwing nets (quivered)
 e - a javelin
Armour
 c - a +0 helmet
 i - a +0 scale mail (worn)
Scrolls
 b - a scroll of fog {unknown}
 f - a scroll of noise {unknown}
 g - a scroll of poison {unknown}
 j - a scroll of summoning {unknown}
 k - a scroll of teleportation {unknown}
Potions
 h - 3 potions of degeneration {unknown}


   Skills:
 + Level 2.7 Fighting
 - Level 2.8 Axes
 - Level 2.0 Throwing
 - Level 3.0 Dodging
 * Level 1.8 Unarmed Combat


You had 2 spell levels left.
You didn't know any spells.
Your spell library was empty.

Dungeon Overview and Level Annotations

Branches:
Dungeon (2/15)

Altars:


Innate Abilities, Weirdness & Mutations

You have a pair of small antennae on your head.


Message History

Jessica gestures at you while chanting.
You feel yourself slow down. Jessica hits you with a +0 club.
You hit Jessica but do no damage. Jessica barely misses you.
Jessica hits you but does no damage.
You slash Jessica!
You kill Jessica!
No target in view!
No target in view!
Things that are here:
a +0 club; a +0 robe You start resting.
You feel yourself speed up.
HP restored.
A gnoll comes into view. It is wielding a +0 whip.
The gnoll shouts!
A gnoll comes into view. It is wielding a +0 club.
There are monsters nearby!
A kobold and a giant cockroach come into view.
The kobold shouts!
A gnoll comes into view. It is wielding a +0 whip.
A ball python comes into view.
The gnoll shouts!
The ball python hisses angrily.
The giant cockroach attacks as it pursues you!
The giant cockroach barely misses you. The gnoll hits you with a +0 club.
There is a stone staircase leading up, spattered with blood here.
The giant cockroach barely misses you. The gnoll hits you with a +0 whip.
The gnoll barely misses you.
You climb upwards.
There is a stone staircase leading down here.
You barely miss the gnoll. You hit the gnoll.
You barely miss the giant cockroach. The giant cockroach barely misses you.
The gnoll hits you with a +0 whip. The gnoll hits you with a +0 club.
The giant cockroach waves its antennae.
The giant cockroach bites you.
You closely miss the gnoll. You hit the gnoll.
You closely miss the giant cockroach. The gnoll hits you with a +0 whip!
* * * LOW HITPOINT WARNING * * *
The giant cockroach barely misses you. The gnoll hits you with a +0 club.
You die...

# #.# # #.# # ###.# # #.#.# #
##.#.# # ##....# #
#.....##########
#######..............######
...))..........g@g........#
#######.#.#.####B########.#
#######.#.#.........# #.#
..........#.####.##.# #.#
.###.##.#.#.####.##.#####.#####
..............................#
.###.####.#.####.##...###.#####
.###.####.#.####.##.#.###.#
###....................##.#


You could see 2 gnolls and a giant cockroach.

Vanquished Creatures
  Jessica (D:2)
  2 bats (D:1)
  5 endoplasms (D:1)
  A giant cockroach (D:1)
  4 goblins (D:1)
  4 hobgoblins (D:1)
  2 kobolds (D:1)
  A quokka (D:1)
  4 ball pythons (D:1)
  2 frilled lizards (D:1)
  5 rats
31 creatures vanquished.

Notes
Turn   | Place    | Note
-------+----------+-------------------------------------------
     0 | D:1      | grandjackal the Demonspawn Gladiator began the quest for
                  | the Orb.
     0 | D:1      | Reached XP level 1. HP: 16/16 MP: 1/1
   112 | D:1      | Discovered your monstrous ancestry.
   112 | D:1      | Gained mutation: You have a pair of small antennae on your
                  | head. [demonic ancestry]
   112 | D:1      | Reached XP level 2. HP: 22/22 MP: 2/2
   346 | D:1      | Reached skill level 3 in Dodging
   350 | D:1      | Reached skill level 1 in Unarmed Combat
   369 | D:1      | Reached XP level 3. HP: 28/28 MP: 3/3
   674 | D:1      | Found a faded altar of an unknown god.
   751 | D:2      | Noticed Jessica
   755 | D:2      | Killed Jessica
   777 | D:1      | Slain by a gnoll

Illustrated notes

Levels and vault maps discovered:
D:1:      saegor_arrival_simple_b, layout_basic,
          dreamdust_ecumenical_altar_statues, minivault_14
D:2:      layout_rooms, basic_altar, uniq_natasha, uniq_jessica, uniq_sigmund

Skill      XL: |  1  2 |
---------------+-------+-----
Throwing       | 2 |  2.0
Dodging        | 3 |  3.0
Unarmed Combat | 1 |  1.8
Fighting       | |  2.7
Axes           | |  2.8

Action                     || total
---------------------------++-------
  Melee: War axe           ||    69
         Punch             ||     1
   Stab: Sleeping          ||     1
 Armour: Leather armour    ||    16
         Scale mail        ||    26
  Dodge: Dodged            ||    42

Table legend: (Time is in decaauts)
 A = Elapsed time spent in this place.
 B = Non-inter-level travel time spent in this place.
 C = Inter-level travel time spent in this place.
 D = Time resting spent in this place.
 E = Time spent auto-exploring this place.
 F = Levels seen in this place.
 G = Mean time per level.
                   A        B        C        D        E       F      G
               +--------+--------+--------+--------+--------+-----+--------+
         Total |    806 |    773 |     33 |      6 |    558 |   2 |  403.0 |
       Dungeon |    806 |    773 |     33 |      6 |    558 |   2 |  403.0 |
               +--------+--------+--------+--------+--------+-----+--------+

Top non-repeatable levels by time:
     D:1: 747 daAuts
     D:2: 58 daAuts
